[Event "Titled Tuesday Blitz May 2 Late 2023"]
[White "Rafiee, Makan"]
[Black "Makridis, Dimitrios"]
[WhiteFideId "24609340"]
[BlackFideId "25864475"]
[WhiteElo "2327"]
[BlackElo "2277"]
[Result "0-1"]
[Round "01"]
[TimeControl "180+2"]
[Date "2023.05.02"]
[WhiteClock "0:00:01"]
[BlackClock "0:00:00"]

1. e4 c5 2. Nf3 e6 3. d3 d5 4. Qe2 Nc6 5. c3 Nge7 6. g3 g6 7. Bg2 Bg7 8. h4 h5 9. Kf1 b6 10. Nbd2 Ba6 11. Ne1 O-O 12. Bh3 dxe4 13. Nxe4 Ne5 14. c4 Bb7 15. Bg2 Nf5 16. Be3 Qd7 17. Rd1 Rad8 18. Kg1 Nxc4 19. b3 Ncxe3 20. fxe3 Bxe4 21. Bxe4 Nxg3 22. Qf3 Nxh1 23. Kxh1 f5 24. Bc6 Qe7 25. Ng2 e5 26. Bd5+ Kh7 27. e4 fxe4 28. Qxe4 Rf5 29. Bc4 Rd4 30. Qe3 Rg4 31. Rg1 e4 32. dxe4 Bd4 33. Qd3 Rxh4+ 34. Nxh4 Qxh4+ 35. Kg2 Rf2# 0-1


[Site "https://www.chess.com"]

[Event "Titled Tuesday Blitz May 2 Late 2023"]
[White "Kovalenko, Igor"]
[Black "Stanojevic, Ilija"]
[WhiteFideId "14117908"]
[BlackFideId "959995"]
[WhiteElo "2574"]
[BlackElo "2138"]
[Result "1-0"]
[Round "01"]
[TimeControl "180+2"]
[Date "2023.05.02"]
[WhiteClock "0:00:01"]
[BlackClock "0:00:00"]

1. e4 e5 2. Nf3 Nc6 3. Bb5 Nf6 4. d3 Bc5 5. Nc3 O-O 6. Bxc6 dxc6 7. Ne2 Bd6 8. Ng3 Be6 9. h4 Bg4 10. h5 h6 11. Be3 a5 12. Qc1 Kh7 13. Nh4 Re8 14. f3 Be6 15. Ngf5 Bf8 16. g4 c5 17. b3 a4 18. Kf2 b5 19. Kg3 Qd7 20. Rd1 Red8 21. Qb2 Bd6 22. Qc3 b4 23. Qe1 axb3 24. axb3 Bf8 25. Qf2 Qc6 26. Kg2 g5 27. hxg6+ fxg6 28. Ng3 Be7 29. Rxa8 Rxa8 30. Rh1 Kg7 31. Bxh6+ Kf7 32. Ne2 Rh8 33. Be3 Ke8 34. Nxg6 Rxh1 35. Kxh1 Bd6 36. Qh4 Kf7 37. Nh8+ Kg7 38. Qh6+ Kg8 39. Qxf6 1-0


[Site "https://www.chess.com"]

[Event "Titled Tuesday Blitz May 2 Late 2023"]
[White "Sanhueza, Cristian"]
[Black "Goltsev, Dmitry"]
[WhiteFideId "116815"]
[BlackFideId "24176710"]
[WhiteElo "2219"]
[BlackElo "2336"]
[Result "1-0"]
[Round "01"]
[TimeControl "180+2"]
[Date "2023.05.02"]
[WhiteClock "0:00:00"]
[BlackClock "0:00:00"]

1. e4 e6 2. d4 d5 3. c3 dxe4 4. Nd2 Nf6 5. Qc2 Qd5 6. Bc4 Qc6 7. a4 a6 8. Bb5 axb5 9. axb5 Rxa1 10. bxc6 Nxc6 11. Ne2 e3 12. fxe3 Ng4 13. Nb1 Bd6 14. h3 Nf6 15. e4 e5 16. d5 Na5 17. O-O h5 18. b4 Nc4 19. Qd3 b5 20. Nd2 Nb6 21. Bb2 Ra2 22. Qb1 Ra8 23. Qd3 Ke7 24. Ng3 g6 25. Bc1 Ne8 26. Nb3 f6 27. Be3 Nc4 28. Bc5 Ra2 29. Rf2 Ra3 30. Nd2 Bd7 31. Nxc4 bxc4 32. Qxc4 h4 33. Nf1 f5 34. exf5 gxf5 35. Ne3 f4 36. Nc2 Ra8 37. b5 Nf6 38. Nb4 e4 39. Nc6+ Bxc6 40. dxc6 e3 41. Rxf4 Ra1+ 42. Kh2 Rg8 43. Bxd6+ cxd6 44. Rxf6 Kxf6 45. Qxg8 e2 46. Qf8+ Kg5 47. Qe7+ Kf5 48. Qxe2 d5 49. Qf3+ Kg5 50. c7 d4 51. cxd4 Ra2 52. c8=Q Kh6 53. Qh8+ Kg6 54. Qfh5# 1-0


[Site "https://www.chess.com"]

[Event "Titled Tuesday Blitz May 2 Late 2023"]
[White "Kobo, Ori"]
[Black "Berg, Olaf"]
[WhiteFideId "2812320"]
[BlackFideId "7200420"]
[WhiteElo "2447"]
[BlackElo "2269"]
[Result "1-0"]
[Round "01"]
[TimeControl "180+2"]
[Date "2023.05.02"]
[WhiteClock "0:00:00"]
[BlackClock "0:00:00"]

1. e4 c5 2. Nf3 d6 3. d4 cxd4 4. Qxd4 Nc6 5. Bb5 Bd7 6. Qd3 e5 7. O-O Nf6 8. Nc3 h6 9. Be3 Be7 10. h3 O-O 11. Rfd1 a6 12. Bc4 Nb4 13. Qe2 Rc8 14. Bb3 Qa5 15. a3 Nc6 16. Nh4 Nxe4 17. Nxe4 Bxh4 18. Nxd6 Rb8 19. Nxf7 Rxf7 20. Rxd7 Be7 21. Qh5 Rf8 22. Qg6 e4 23. Bxh6 Qe5 24. Rad1 Qf6 25. Qxf6 Bxf6 26. Rxf7 Rxf7 27. Bc1 Kf8 28. Bxf7 Kxf7 29. Rd7+ Kg6 30. Rxb7 Nd4 31. Kf1 Nxc2 32. Rb6 a5 33. Bd2 a4 34. Bc3 e3 35. Bxf6 gxf6 36. fxe3 Nxe3+ 37. Kg1 Nc4 38. Rb4 Ne5 39. Rxa4 Nd3 40. b4 Nb2 41. Ra5 Nc4 42. Rc5 Nb6 43. b5 Kf7 44. Rc6 Nd5 45. b6 Ke7 46. b7 1-0


[Site "https://www.chess.com"]

[Event "Titled Tuesday Blitz May 2 Late 2023"]
[White "Sai Han Thiha"]
[Black "Vakhlamov, Igor L."]
[WhiteFideId "13012290"]
[BlackFideId "24126748"]
[WhiteElo "1954"]
[BlackElo "2400"]
[Result "0-1"]
[Round "01"]
[TimeControl "180+2"]
[Date "2023.05.02"]
[WhiteClock "0:00:00"]
[BlackClock "0:00:00"]

1. d4 d5 2. c4 e6 3. Nc3 c5 4. cxd5 cxd4 5. Qa4+ Bd7 6. Qxd4 exd5 7. Qxd5 Nf6 8. Qd1 Bc5 9. Nf3 O-O 10. e3 Qe7 11. Be2 Rd8 12. O-O Nc6 13. Qa4 Nd4 14. Qc4 b5 15. Qd3 Bf5 16. e4 Nxe4 17. Nxd4 Bxd4 18. Qxb5 Nxc3 19. bxc3 Bxc3 20. Qxf5 Bxa1 21. Bf3 Rac8 22. Bg5 Bf6 23. Be4 Kf8 24. Qxh7 Qe5 25. Bxf6 Qxf6 26. Bf5 Rc5 27. Qh8+ Ke7 28. Re1+ Re5 29. Rxe5+ Qxe5 30. Qh4+ Qf6 31. Qb4+ Qd6 32. Qe4+ Kf8 33. h4 g6 34. Bh3 Re8 35. Qb1 Qf6 36. g3 Kg7 37. Qb4 Re2 38. Qc5 Rxa2 39. Bg2 a5 40. h5 gxh5 41. f4 Ra1+ 42. Kh2 h4 43. Qf2 hxg3+ 44. Qxg3+ Qg6 45. Qc3+ Qf6 46. Qg3+ Kf8 47. Qe3 Qh4+ 48. Bh3 Ra2+ 49. Kg1 Qe7 50. Qd4 Qe1+ 51. Bf1 Qg3+ 52. Kh1 Qh2# 0-1


[Site "https://www.chess.com"]

[Event "Titled Tuesday Blitz May 2 Late 2023"]
[White "Pakleza, Zbigniew"]
[Black "Prydun, Andriy"]
[WhiteFideId "1119290"]
[BlackFideId "14145898"]
[WhiteElo "2410"]
[BlackElo "2164"]
[Result "1-0"]
[Round "01"]
[TimeControl "180+2"]
[Date "2023.05.02"]
[WhiteClock "0:00:00"]
[BlackClock "0:00:00"]

1. d4 Nf6 2. Nf3 c6 3. c4 d5 4. cxd5 cxd5 5. Nc3 Nc6 6. Bf4 Bf5 7. Qb3 Na5 8. Qa4+ Bd7 9. Qc2 e6 10. e3 Be7 11. Bd3 O-O 12. O-O Rc8 13. Rfc1 b5 14. Qe2 Nc4 15. Ne5 b4 16. Nd1 Nd6 17. h3 a5 18. f3 a4 19. g4 Be8 20. Qd2 Qb6 21. Rxc8 Nxc8 22. Rc1 Bb5 23. b3 axb3 24. axb3 Nd6 25. Qxb4 Qb7 26. Bxb5 Nxb5 27. Qd2 Ra8 28. Nf2 Nd7 29. Nxd7 Qxd7 30. Nd3 f6 31. Nc5 Qc6 32. Kg2 e5 33. Bg3 Ra3 34. Nd3 Qb7 35. dxe5 d4 36. exf6 gxf6 37. Nf2 Rxb3 38. Bf4 Bd6 39. Ne4 Bxf4 40. exf4 f5 41. gxf5 Kf8 42. Kh2 Rxf3 43. Ng5 Rb3 44. Ne6+ Kf7 45. Rg1 Qf3 46. Ng5+ 1-0


[Site "https://www.chess.com"]

[Event "Titled Tuesday Blitz May 2 Late 2023"]
[White "Golubev, Mikhail"]
[Black "Santos Ruiz, Miguel"]
[WhiteFideId "14100983"]
[BlackFideId "22291482"]
[WhiteElo "2374"]
[BlackElo "2504"]
[Result "0-1"]
[Round "01"]
[TimeControl "180+2"]
[Date "2023.05.02"]
[WhiteClock "0:00:00"]
[BlackClock "0:00:00"]

1. e4 c5 2. Nf3 d6 3. d4 cxd4 4. Nxd4 Nf6 5. Nc3 a6 6. Bc4 e6 7. O-O Be7 8. Bb3 b5 9. Qf3 Qc7 10. Qg3 Rg8 11. Re1 Nbd7 12. Bxe6 fxe6 13. Nxe6 Qc4 14. Nd5 Nxd5 15. exd5 Ne5 16. b3 Qxc2 17. Bf4 Bxe6 18. Bxe5 dxe5 19. dxe6 Rc8 20. Qxe5 Rf8 0-1


[Site "https://www.chess.com"]

[Event "Titled Tuesday Blitz May 2 Late 2023"]
[White "Szpar, Milosz"]
[Black "Papayan, Oleg"]
[WhiteFideId "1184989"]
[BlackFideId "4193911"]
[WhiteElo "2436"]
[BlackElo "2153"]
[Result "1-0"]
[Round "01"]
[TimeControl "180+2"]
[Date "2023.05.02"]
[WhiteClock "0:00:00"]
[BlackClock "0:00:00"]

1. e4 d5 2. exd5 Qxd5 3. Nc3 Qd8 4. d4 c6 5. h3 Bf5 6. Nf3 e6 7. g3 Nd7 8. Bg2 Be7 9. O-O h6 10. Ne2 Ngf6 11. c4 O-O 12. Nc3 Nb6 13. Qe2 a5 14. Rd1 Re8 15. Be3 a4 16. Rac1 a3 17. b3 Ne4 18. Ne5 Nxc3 19. Rxc3 Bb4 20. Rcc1 Nd7 21. Nxd7 Qxd7 22. d5 exd5 23. cxd5 cxd5 24. Rxd5 Qe6 25. Qb5 Ra5 26. Qxb7 Rxd5 27. Bxd5 Qd6 28. Bf4 Qe7 29. Qxe7 Rxe7 30. g4 Bg6 31. Bc4 h5 32. Be3 Re4 33. Bd5 Re5 34. Bf3 hxg4 35. hxg4 Re7 36. Kg2 Rd7 37. Rc4 Be7 38. Rc1 f6 39. Bc6 Rd3 40. Bb5 Rd8 41. Bc4+ Kf8 42. Rh1 Be4+ 43. f3 Bd5 44. Rh8+ Kf7 45. Rxd8 Bxc4 46. Rd7 Be6 47. Ra7 Ke8 48. Kf2 g6 49. Ke2 f5 50. gxf5 gxf5 51. Kd3 Bf6 52. Bd4 Be7 53. Ra8+ Kd7 54. Ra7+ Ke8 55. f4 Bd5 56. Be5 Be4+ 57. Kd4 Kf7 58. Bd6 Ke6 59. Bxe7 Bb1 60. Bxa3 Bxa2 61. Ra6+ Kd7 62. Ke5 Bxb3 63. Rd6+ Kc7 64. Kxf5 Bc2+ 65. Ke5 Bb1 66. Rd2 Bg6 67. f5 Bf7 68. f6 Bb3 69. Kf5 Kc6 70. Kg5 Kb5 71. Kh6 Ka4 72. Bb2 Bc4 73. Kg7 Kb3 74. f7 Bxf7 75. Kxf7 Ka2 76. Ke6 Kb1 77. Kd5 Ka2 78. Ba3+ Kb1 79. Bf8 Ka1 80. Kc4 Kb1 81. Rh2 Ka1 82. Kb3 Kb1 83. Rh1# 1-0


[Site "https://www.chess.com"]

[Event "Titled Tuesday Blitz May 2 Late 2023"]
[White "Liu, Casper"]
[Black "Krzyzanowski, Marcin"]
[WhiteFideId "1454153"]
[BlackFideId "1132199"]
[WhiteElo "2221"]
[BlackElo "2471"]
[Result "0-1"]
[Round "01"]
[TimeControl "180+2"]
[Date "2023.05.02"]
[WhiteClock "0:00:01"]
[BlackClock "0:00:01"]

1. e4 d5 2. exd5 Qxd5 3. Nc3 Qd8 4. d4 Nf6 5. Nf3 g6 6. Be2 Bg7 7. O-O O-O 8. Re1 c6 9. h3 Nd5 10. Ne4 Bf5 11. Ng3 Be6 12. c3 h6 13. Bd2 Kh7 14. Qc1 Nf6 15. Bd3 Bd5 16. Ne5 c5 17. dxc5 Nc6 18. Nxc6 Bxc6 19. Bc2 Qd5 20. Ne4 Rad8 21. Bf4 Nxe4 22. Bxe4 Qxc5 23. Bxc6 bxc6 24. Be3 Qa5 25. Qc2 Rd7 26. Qe4 Qd5 27. Qg4 f5 28. Qa4 e5 29. Rad1 Qf7 30. Qxc6 Rxd1 31. Rxd1 Qxa2 32. Rd6 f4 33. Bc5 Qxb2 34. Rxg6 Qb1+ 35. Kh2 Qxg6 0-1


[Site "https://www.chess.com"]

[Event "Titled Tuesday Blitz May 2 Late 2023"]
[White "Tanenbaum, Zachary"]
[Black "Colpe, Malte"]
[WhiteFideId "2060850"]
[BlackFideId "24623075"]
[WhiteElo "2175"]
[BlackElo "2289"]
[Result "1-0"]
[Round "01"]
[TimeControl "180+2"]
[Date "2023.05.02"]
[WhiteClock "0:00:00"]
[BlackClock "0:00:00"]

1. e4 c5 2. Nf3 Nc6 3. Nc3 g6 4. d4 cxd4 5. Nxd4 Bg7 6. Be3 Nf6 7. Bc4 O-O 8. Bb3 Qa5 9. O-O d6 10. h3 Bd7 11. f4 Nxd4 12. Bxd4 Bc6 13. Qd3 Nd7 14. Bxg7 Kxg7 15. Rae1 Rac8 16. Kh1 Kg8 17. Qg3 Qc5 18. Nd5 Bxd5 19. exd5 Rfe8 20. Qh4 Nf6 21. f5 Kg7 22. fxg6 Rf8 23. Rxe7 1-0


[Site "https://www.chess.com"]

[Event "Titled Tuesday Blitz May 2 Late 2023"]
[White "Timmermans, Mark"]
[Black "Silva, Pedro Gil Ferreira Da"]
[WhiteFideId "1026399"]
[BlackFideId "1946102"]
[WhiteElo "2460"]
[BlackElo "2255"]
[Result "1-0"]
[Round "01"]
[TimeControl "180+2"]
[Date "2023.05.02"]
[WhiteClock "0:00:00"]
[BlackClock "0:00:00"]

1. e4 c5 2. Nf3 e6 3. Nc3 a6 4. a4 Qc7 5. Be2 Nc6 6. O-O Nf6 7. d4 cxd4 8. Nxd4 Be7 9. Be3 d6 10. f4 O-O 11. Kh1 Bd7 12. Bf3 Nxd4 13. Qxd4 Bc6 14. e5 dxe5 15. fxe5 Nd7 16. Bxc6 Qxc6 17. Rad1 Rad8 18. Qe4 Nc5 19. Qxc6 bxc6 20. g3 Nd7 21. Rde1 Rb8 22. b3 Rb4 23. Bg1 c5 24. Rf4 Rxf4 25. gxf4 Rc8 26. Rd1 Nb6 27. Ne4 Nd5 28. c4 Nxf4 29. Bxc5 Bxc5 30. Nxc5 a5 31. Nb7 Ng6 32. Nxa5 Nxe5 33. c5 f5 34. b4 Kf7 35. Kg2 Ke7 36. Nb7 g5 37. b5 Nd7 38. c6 Ne5 39. Nd6 g4 40. Nxc8+ 1-0


[Site "https://www.chess.com"]

[Event "Titled Tuesday Blitz May 2 Late 2023"]
[White "Kubatko, Ivan"]
[Black "Klimkowski, Jan"]
[WhiteFideId "24111473"]
[BlackFideId "21856222"]
[WhiteElo "2285"]
[BlackElo "2331"]
[Result "0-1"]
[Round "01"]
[TimeControl "180+2"]
[Date "2023.05.02"]
[WhiteClock "0:00:00"]
[BlackClock "0:00:00"]

1. e4 c5 2. c3 g6 3. d4 Bg7 4. dxc5 Qc7 5. Be3 Nf6 6. f3 O-O 7. Na3 Na6 8. Nb5 Qb8 9. Bc4 Nh5 10. Ne2 Be5 11. Qd2 b6 12. g4 Nf6 13. cxb6 axb6 14. Rd1 Bb7 15. Bf4 Bxf4 16. Qxf4 Qc8 17. h4 Qxc4 18. Na3 Qc7 19. Qh6 d5 20. h5 dxe4 21. hxg6 fxg6 22. Nb5 Qe5 23. f4 Qxb5 24. g5 Rf7 25. Nd4 Qxb2 26. Ne6 Qxc3+ 27. Rd2 e3 0-1


[Site "https://www.chess.com"]

[Event "Titled Tuesday Blitz May 2 Late 2023"]
[White "Samsonkin, Artiom"]
[Black "Rottenwohrer Suarez, Juan"]
[WhiteFideId "13503111"]
[BlackFideId "32068182"]
[WhiteElo "2524"]
[BlackElo "2174"]
[Result "1-0"]
[Round "01"]
[TimeControl "180+2"]
[Date "2023.05.02"]
[WhiteClock "0:00:00"]
[BlackClock "0:00:00"]

1. e4 c5 2. Nf3 g6 3. c3 d5 4. exd5 Qxd5 5. d4 Bg7 6. Na3 cxd4 7. Bc4 Qd8 8. O-O Nf6 9. Nb5 a6 10. Nbxd4 O-O 11. a4 Qc7 12. Qe2 Bg4 13. h3 Bxf3 14. Nxf3 Nc6 15. Re1 e6 16. Ba2 h6 17. Be3 Rfd8 18. Nd4 Nxd4 19. Bxd4 Nd5 20. Bxg7 Kxg7 21. Qf3 b5 22. axb5 axb5 23. Bb3 Rxa1 24. Rxa1 Nf6 25. Qe3 Rd7 26. Rd1 Rxd1+ 27. Bxd1 Nd5 28. Qd4+ Kg8 29. Be2 Qa5 30. Kh2 Nb6 31. Qd8+ Kg7 32. b4 Qa2 33. Qd4+ Kg8 34. Bf3 Nd5 35. Bxd5 Qxd5 36. Qxd5 exd5 37. Kg3 f6 38. Kf4 Kf7 39. Ke3 Ke6 40. Kd4 Kd6 41. f4 f5 42. g3 h5 43. h4 1-0


[Site "https://www.chess.com"]

[Event "Titled Tuesday Blitz May 2 Late 2023"]
[White "Gasparyan, David"]
[Black "Mgeladze, Tamaz"]
[WhiteFideId "13311980"]
[BlackFideId "13601202"]
[WhiteElo "2142"]
[BlackElo "2288"]
[Result "0-1"]
[Round "01"]
[TimeControl "180+2"]
[Date "2023.05.02"]
[WhiteClock "0:00:00"]
[BlackClock "0:00:00"]

1. e4 c5 2. Nf3 g6 3. d4 cxd4 4. Nxd4 Bg7 5. Be3 Nc6 6. Nc3 Nf6 7. Bc4 O-O 8. Bb3 a5 9. a4 Ng4 10. Qxg4 Nxd4 11. Bxd4 Bxd4 12. Rd1 Bxc3+ 13. bxc3 d6 14. Qe2 Qc7 15. Rd3 Be6 16. O-O Qc5 17. Qd2 Rac8 18. Rd1 Qe5 19. Rd4 Rc5 20. f4 Qg7 21. Qe3 Rfc8 22. R1d3 Bc4 23. Bxc4 Rxc4 24. e5 Rxd4 25. Rxd4 dxe5 26. fxe5 h6 27. Rd7 Qf8 28. e6 f5 29. Rxb7 Qf6 30. Qd4 Qxe6 31. h3 Kf7 32. Rb6 Rc6 33. Rxc6 Qxc6 34. Qe5 Qxa4 35. Qd5+ Ke8 36. Qg8+ Kd7 37. Qxg6 Qb5 38. Qxh6 a4 39. Qd2+ Kc6 40. Qe3 Qc5 41. Kf2 a3 42. Qxc5+ Kxc5 43. h4 a2 44. h5 a1=Q 45. Kg3 Qxc3+ 46. Kh4 Qxc2 47. Kg5 Qe4 48. Kh6 Qg4 49. g3 Qxg3 50. Kh7 Qg5 51. h6 f4 52. Kh8 Qxh6+ 53. Kg8 Qf6 54. Kh7 f3 55. Kg8 f2 56. Kh7 f1=Q 57. Kg8 Qg2+ 58. Kh7 Qh4# 0-1


[Site "https://www.chess.com"]

[Event "Titled Tuesday Blitz May 2 Late 2023"]
[White "D`Arruda, Ricardo D."]
[Black "Bryant, John Daniel"]
[WhiteFideId "100692"]
[BlackFideId "2031280"]
[WhiteElo "2271"]
[BlackElo "2455"]
[Result "0-1"]
[Round "01"]
[TimeControl "180+2"]
[Date "2023.05.02"]
[WhiteClock "0:00:00"]
[BlackClock "0:00:00"]

1. d4 Nf6 2. Nf3 d5 3. c4 e6 4. Nc3 Be7 5. e3 O-O 6. Bd3 dxc4 7. Bxc4 c5 8. O-O cxd4 9. exd4 Nc6 10. Be3 b6 11. Qe2 Bb7 12. Rfd1 Nb4 13. Ne5 Nbd5 14. Rac1 Nxc3 15. bxc3 Nd5 16. Bd2 Rc8 17. Bb3 Bg5 18. c4 Nf4 19. Qg4 h5 20. Qxf4 Bxf4 21. Bxf4 Qf6 22. Be3 Rfd8 23. f4 Qf5 24. d5 exd5 25. cxd5 Rxc1 26. Bxc1 Qe4 27. Nf3 Rc8 28. Re1 Qd3 29. Ne5 Qc3 30. Kf2 Bxd5 31. Re3 Qxc1 32. Bxd5 Qd2+ 0-1


[Site "https://www.chess.com"]

[Event "Titled Tuesday Blitz May 2 Late 2023"]
[White "Bryakin, Mikhail"]
[Black "Ramirez Vido, Robert Yorisan"]
[WhiteFideId "4165314"]
[BlackFideId "3513823"]
[WhiteElo "2447"]
[BlackElo "2015"]
[Result "1-0"]
[Round "01"]
[TimeControl "180+2"]
[Date "2023.05.02"]
[WhiteClock "0:00:00"]
[BlackClock "0:00:00"]

1. e4 d6 2. d4 Nf6 3. Nc3 g6 4. f4 Bg7 5. Nf3 c5 6. d5 O-O 7. Bd3 b5 8. Nxb5 c4 9. Bxc4 Nxe4 10. Nbd4 Bg4 11. c3 Qb6 12. Qd3 Nc5 13. Qc2 Nba6 14. h3 Bxf3 15. Nxf3 Rac8 16. Be3 Qb7 17. O-O f5 18. Bd4 Ne4 19. Bxa6 Qxa6 20. Bxg7 Kxg7 21. Nd4 Kg8 22. Kh2 Qc4 23. Ne6 Rf7 24. Rfd1 Nc5 25. Rd4 Qb5 26. c4 Qb6 27. b3 Nxe6 28. dxe6 Qxd4 29. exf7+ Kxf7 30. Rf1 Rc5 31. Qe2 e5 32. Kg3 e4 33. Rd1 Qf6 34. Qd2 Rc6 35. Qd5+ 1-0


[Site "https://www.chess.com"]

[Event "Titled Tuesday Blitz May 2 Late 2023"]
[White "Marcziter, Dmitrii"]
[Black "Bilych, Olexiy"]
[WhiteFideId "13900765"]
[BlackFideId "14156504"]
[WhiteElo "2162"]
[BlackElo "2320"]
[Result "0-1"]
[Round "01"]
[TimeControl "180+2"]
[Date "2023.05.02"]
[WhiteClock "0:00:00"]
[BlackClock "0:00:00"]

1. e4 c5 2. Nc3 Nc6 3. f4 g6 4. Nf3 Bg7 5. Bc4 e6 6. d3 Nge7 7. O-O d6 8. Kh1 O-O 9. Qe1 Nd4 10. Nxd4 cxd4 11. Ne2 d5 12. Bb3 dxe4 13. dxe4 b6 14. Ng3 Ba6 15. Rf2 Qd7 16. Bd2 Rfe8 17. h3 Rac8 18. a4 Bc4 19. a5 Bxb3 20. cxb3 Qb5 21. b4 Rc2 22. b3 Rec8 23. f5 exf5 24. exf5 Nxf5 25. Nxf5 gxf5 26. axb6 axb6 27. Ra7 Re8 28. Re7 Rxe7 29. Qxe7 h6 30. Qh4 Qd5 31. Bxh6 Rxf2 32. Qg5 Qxg2+ 33. Qxg2 Rxg2 34. Kxg2 Bxh6 35. Kf3 d3 0-1


[Site "https://www.chess.com"]

[Event "Titled Tuesday Blitz May 2 Late 2023"]
[White "Averjanov, Alexey"]
[Black "Todorovic, Bojan"]
[WhiteFideId "14109867"]
[BlackFideId "917087"]
[WhiteElo "2399"]
[BlackElo "2266"]
[Result "1-0"]
[Round "01"]
[TimeControl "180+2"]
[Date "2023.05.02"]
[WhiteClock "0:00:00"]
[BlackClock "0:00:00"]

1. d4 Nf6 2. c4 g6 3. Nc3 Bg7 4. e4 d6 5. Be2 O-O 6. Nf3 e5 7. O-O Nc6 8. d5 Ne7 9. Ne1 Nd7 10. Be3 f5 11. f3 f4 12. Bf2 g5 13. a4 a5 14. Nd3 c5 15. Nb5 Nf6 16. Nxd6 Qxd6 17. Bxc5 Qd8 18. Bf2 b6 19. b4 axb4 20. Nxb4 Nd7 21. Nd3 Qc7 22. a5 Rxa5 23. Rxa5 bxa5 24. c5 Qb8 25. Qa4 Nf6 26. Qxa5 Nexd5 27. exd5 Nxd5 28. c6 Ne3 29. Bxe3 fxe3 30. Qd5+ Kh8 31. Nc5 Qb2 32. Qc4 Qd4 33. Ne4 h6 34. Rd1 Qxc4 35. Bxc4 Kh7 36. c7 Kg6 37. Rd8 Kf5 38. Nd6+ Kf6 1-0


[Site "https://www.chess.com"]

[Event "Titled Tuesday Blitz May 2 Late 2023"]
[White "Debray, Christopher"]
[Black "Yanchenko, Roman"]
[WhiteFideId "630810"]
[BlackFideId "4137329"]
[WhiteElo "2340"]
[BlackElo "2491"]
[Result "0-1"]
[Round "01"]
[TimeControl "180+2"]
[Date "2023.05.02"]
[WhiteClock "0:00:00"]
[BlackClock "0:00:00"]

1. d4 d5 2. c4 c6 3. Nc3 Nf6 4. Nf3 g6 5. Bf4 Bg7 6. e3 O-O 7. h3 a6 8. cxd5 cxd5 9. Bd3 Nc6 10. Rc1 Qb6 11. Qe2 Bf5 12. Bxf5 gxf5 13. O-O e6 14. Ne5 Rfc8 15. a3 Qb3 16. Qc2 Na5 17. Qe2 Nc4 18. Nxc4 Rxc4 19. Be5 Rac8 20. f3 b5 21. g4 fxg4 22. fxg4 Ne4 23. Bxg7 Rxc3 24. bxc3 Kxg7 25. Qf3 f6 26. Qf4 h6 27. h4 Rxc3 28. Rxc3 Qxc3 29. g5 hxg5 30. hxg5 f5 31. Qe5+ Kh7 32. Qxe6 Qxe3+ 33. Kg2 Qxg5+ 34. Kh1 Qh4+ 35. Kg2 Qg4+ 36. Kh1 Ng3+ 37. Kg2 Nxf1+ 38. Kxf1 Qf4+ 39. Kg1 Qxd4+ 40. Kf1 Qf4+ 41. Kg1 Qe4 42. Qf7+ Kh6 43. Qxf5 Qxf5 0-1


[Site "https://www.chess.com"]

[Event "Titled Tuesday Blitz May 2 Late 2023"]
[White "Bueno, Alfeu Junior Varela"]
[Black "Papasimakopoulos, Alexandros"]
[WhiteFideId "2108879"]
[BlackFideId "4244125"]
[WhiteElo "2175"]
[BlackElo "2359"]
[Result "0-1"]
[Round "01"]
[TimeControl "180+2"]
[Date "2023.05.02"]
[WhiteClock "0:00:00"]
[BlackClock "0:00:00"]

1. e4 e6 2. d4 d5 3. Nd2 Nf6 4. Bd3 c5 5. e5 Nfd7 6. c3 b5 7. Bxb5 Qb6 8. Qa4 cxd4 9. cxd4 a6 10. Bd3 a5 11. Ne2 Ba6 12. Bxa6 Qxa6 13. Nc3 Nc6 14. Nf3 Nb4 15. Nb5 Qc6 16. O-O Rb8 17. Nc3 Qxa4 18. Nxa4 Be7 19. Bd2 O-O 20. Rfc1 Rb7 21. Rc3 Nb6 22. Nxb6 Rxb6 23. a3 Na6 24. b3 h6 25. g3 Rfb8 26. Rac1 Rxb3 27. Rxb3 Rxb3 28. Kg2 Rxa3 29. Rc8+ Kh7 30. Ra8 Nb4 31. Ra7 Bf8 32. Rxf7 Kg8 33. Ra7 Ra4 34. Ra8 Nc6 35. Nh4 Kf7 36. Be3 g5 37. Nf3 Be7 38. Ra6 Nb4 39. Ra7 Ra2 40. Nd2 Nc2 41. Nb3 Nxe3+ 42. Kf3 Nc4 43. Rxa5 Nxa5 0-1


[Site "https://www.chess.com"]

[Event "Titled Tuesday Blitz May 2 Late 2023"]
[White "Sun, Rick"]
[Black "Gerbelli Neto, Eduardo"]
[WhiteFideId "30909481"]
[BlackFideId "2103281"]
[WhiteElo "2169"]
[BlackElo "2178"]
[Result "1-0"]
[Round "01"]
[TimeControl "180+2"]
[Date "2023.05.02"]
[WhiteClock "0:00:00"]
[BlackClock "0:00:00"]

1. d4 d5 2. Bf4 Nf6 3. Nc3 Bf5 4. e3 e6 5. f3 Bd6 6. g4 Bg6 7. h4 Bxf4 8. exf4 h5 9. f5 exf5 10. Qe2+ Kf8 11. g5 Nfd7 12. Nxd5 Nb6 13. Nf4 Nc6 14. c3 Qd6 15. Qd2 Re8+ 16. Kf2 Nd5 17. Nxd5 Qxd5 18. Nh3 Ne5 19. Be2 Nc4 20. Bxc4 Qxc4 21. Nf4 Ke7 22. Qe2+ Qxe2+ 23. Kxe2 Kd6+ 24. Kd2 Re7 25. Rhe1 Rhe8 26. Rxe7 Rxe7 27. Re1 Rd7 28. Re5 c6 29. Ke3 b6 30. b4 f6 31. gxf6 gxf6 32. Re6+ Kc7 33. Nxg6 1-0


[Site "https://www.chess.com"]

[Event "Titled Tuesday Blitz May 2 Late 2023"]
[White "Dzida, Kamil"]
[Black "Nazari, Arad"]
[WhiteFideId "21828652"]
[BlackFideId "12577324"]
[WhiteElo "2139"]
[BlackElo "2242"]
[Result "0-1"]
[Round "01"]
[TimeControl "180+2"]
[Date "2023.05.02"]
[WhiteClock "0:00:00"]
[BlackClock "0:00:00"]

1. e4 c5 2. Nf3 d6 3. d4 cxd4 4. Nxd4 Nf6 5. Nc3 a6 6. Nb3 e6 7. g4 b5 8. Bg2 Bb7 9. g5 Nfd7 10. a3 h6 11. h4 Nc6 12. f4 Be7 13. Be3 Nb6 14. Qe2 Nc4 15. O-O-O Qc7 16. Kb1 Rc8 17. Bc1 N6a5 18. Nxa5 Qxa5 19. Na2 Qb6 20. g6 O-O 21. f5 fxg6 22. fxe6 Rf2 23. Qg4 Ne5 24. Qg3 Rcxc2 25. Rhf1 Rxg2 26. Qf4 Rcf2 27. Rxf2 Rxf2 28. Qg3 Bxe4+ 29. Ka1 Rf3 30. Qe1 Bf5 31. Nc3 Bxe6 32. Qe4 Qc6 33. Qd4 Qc4 34. Qa7 Rxc3 35. Qxe7 Qa2# 0-1


[Site "https://www.chess.com"]

[Event "Titled Tuesday Blitz May 2 Late 2023"]
[White "Khripachenko, Alexander"]
[Black "Topalov, Aleksandar"]
[WhiteFideId "54184975"]
[BlackFideId "925659"]
[WhiteElo "2374"]
[BlackElo "2151"]
[Result "1-0"]
[Round "01"]
[TimeControl "180+2"]
[Date "2023.05.02"]
[WhiteClock "0:00:00"]
[BlackClock "0:00:00"]

1. e4 e6 2. d4 d5 3. Nd2 Nf6 4. e5 Ng8 5. f4 Ne7 6. Ndf3 h5 7. Bd3 g6 8. Ne2 Qd7 9. O-O b6 10. Be3 Ba6 11. c3 Bxd3 12. Qxd3 Nf5 13. Bf2 c5 14. g3 Nc6 15. Rac1 Be7 16. h3 cxd4 17. cxd4 O-O-O 18. Rxc6+ Qxc6 19. Rc1 Qxc1+ 20. Nxc1 Kb7 21. Nb3 Rc8 22. g4 hxg4 23. hxg4 Nh4 24. Bxh4 Bxh4 25. Qb5 Rc7 26. Nxh4 Rxh4 27. Nc5+ 1-0


[Site "https://www.chess.com"]

[Event "Titled Tuesday Blitz May 2 Late 2023"]
[White "Bashkansky, Ethan"]
[Black "Martinez Ramirez, Lennis"]
[WhiteFideId "2071533"]
[BlackFideId "3509079"]
[WhiteElo "2101"]
[BlackElo "2410"]
[Result "0-1"]
[Round "01"]
[TimeControl "180+2"]
[Date "2023.05.02"]
[WhiteClock "0:00:00"]
[BlackClock "0:00:00"]

1. d4 d5 2. c4 e6 3. Nc3 Nf6 4. cxd5 exd5 5. Bg5 Be7 6. e3 h6 7. Bh4 O-O 8. Bd3 Be6 9. Nge2 Nh5 10. Bxe7 Qxe7 11. Ng3 Nxg3 12. hxg3 Nd7 13. Qf3 Nf6 14. Bf5 b5 15. O-O c6 16. a4 a6 17. axb5 axb5 18. e4 Bxf5 19. Qxf5 Nxe4 20. Nxe4 Qxe4 21. Qxe4 dxe4 22. Rac1 Ra6 23. Rfe1 f5 24. g4 Rd8 25. Rcd1 Ra4 26. gxf5 Rdxd4 27. Rc1 Rac4 28. b3 Rxc1 29. Rxc1 Rd6 30. Kf1 Kf7 31. Ke2 Kf6 32. g4 Ke5 33. b4 Kf4 34. Rc5 Kxg4 35. Ke3 h5 36. Kxe4 h4 37. Rc1 h3 38. Rg1+ Kh5 39. Rg3 Kh4 40. Rxg7 Rh6 41. Rg1 h2 42. Rh1 Kh3 43. Ke5 Kg2 44. Rxh2+ Rxh2 45. f6 Kxf2 46. Kd6 Rh6 47. Ke7 Ke3 48. f7 Rh8 49. f8=Q Rxf8 50. Kxf8 Kd4 51. Ke7 Kc4 52. Kd6 Kxb4 53. Kxc6 Ka4 54. Kc5 b4 55. Kc4 b3 56. Kd3 Ka3 57. Kd2 Ka2 58. Kc3 b2 0-1


[Site "https://www.chess.com"]